Map: Ephemeron LE

Players

kaozfate

  • Race: Terran Terran
  • League: Grandmaster
  • Spawn Location: 11:00

Jason - Winner!

  • Race: Terran Terran
  • League: Grandmaster
  • Spawn Location: 5:00

VOD

Have the link to the VOD?

Description

Time

  • Played on: Oct. 15, 2019, 2:40 p.m.
  • Length: 7:51
Show
View Real Time Build Order
Export as new Build Order

kaozfate Terran 

Build Orders: Gas First Reaper Expand 

Get SALT Encoding   

  12  0:00  SCV  
  13  0:13  SCV  
  14  0:17  Supply Depot  
  14  0:25  SCV  
  14  0:28  Refinery  
  15  0:39  SCV  
  16  0:45  Barracks  
  16  0:51  SCV  
  17  1:03  SCV  
  18  1:15  SCV  
  19  1:32  Reaper, Orbital Command  
  20  1:48  Command Center  
  20  1:58  SCV  
  21  2:02  Factory  
  21  2:06  Barracks Reactor  
  21  2:10  SCV  
  22  2:16  Supply Depot  
  22  2:21  Refinery  
  23  2:22  SCV  
  23  2:37  SCV  
  24  2:48  Starport  
  24  2:50  SCV  
  25  2:52  Hellion x2  
  25  2:53  Barracks Tech Lab  
  29  3:01  Orbital Command  
  29  3:05  SCV  
  30  3:15  Hellion x2  
  30  3:18  Marine  
  35  3:23  SCV  
  36  3:27  Starport Tech Lab  
  36  3:29  SCV  
  37  3:35  SCV  
  38  3:41  SCV  
  38  3:46  Raven  
  38  3:47  SCV  
  38  3:48  Marine x2, Supply Depot  
  44  3:57  SCV  
  44  4:00  Refinery  
  45  4:06  Marine  
  46  4:10  Cyclone, Marine, SCV x2  
  46  4:12  Supply Depot  
  46  4:15  Supply Depot  
  52  4:22  SCV x2  
  54  4:34  Marine x2  
  54  4:37  Supply Depot, SCV x2  
  58  4:42  Siege Tank  
  61  4:45  Raven  
  61  4:49  SCV x2  
  61  4:51  Marine x2  
  67  5:00  Supply Depot, Command Center  
  67  5:01  SCV x2  
  69  5:09  Marine x2  
  69  5:12  Refinery  
  69  5:13  SCV x2  
  73  5:14  Siege Tank  
  76  5:25  SCV x2  
  76  5:27  Supply Depot  
  75  5:37  Stimpack, SCV x2  
  75  5:39  Marine  
  75  5:41  Starport Reactor  
  78  5:43  Barracks  
  78  5:46  Siege Tank, Barracks  
  78  5:49  SCV x2  
  82  6:01  SCV x2  
  82  6:07  Marine, Engineering Bay  
  82  6:08  Engineering Bay  
  83  6:13  SCV x2  
  83  6:15  Supply Depot  
  85  6:18  Siege Tank  
  87  6:25  SCV  
  87  6:26  Marine, SCV  
  87  6:27  Starport Reactor  
  89  6:38  SCV x2  
  89  6:42  Marine x2  
  89  6:44  Marine  
  90  6:50  SCV x2  
  71  6:57  Marine x2  
  71  7:00  Marine x2  
  72  7:01  Siege Tank  
  72  7:02  Marine, SCV x2  
  72  7:07  Command Center  
  74  7:12  Medivac x2  
  74  7:14  SCV x2  
  74  7:15  Marine  
  81  7:16  Marine  
  81  7:18  Marine  
  81  7:19  Marine  
  81  7:20  Marine  
  80  7:26  SCV x2  
  73  7:33  Marine  
  68  7:38  SCV x2  
Show
View Real Time Build Order
Export as new Build Order

Jason Terran - Winner!

Build Orders: Gas First Reaper Expand 

Get SALT Encoding   

  12  0:01  SCV  
  13  0:13  SCV  
  14  0:17  Supply Depot  
  14  0:25  SCV  
  15  0:32  Refinery  
  15  0:39  SCV  
  16  0:45  Barracks  
  16  0:51  SCV  
  17  1:03  SCV  
  18  1:15  SCV  
  19  1:32  Reaper, Orbital Command  
  20  1:45  Command Center  
  20  1:58  SCV  
  21  2:02  Factory  
  21  2:09  Barracks Reactor  
  21  2:13  SCV  
  22  2:16  Supply Depot  
  22  2:20  Refinery  
  22  2:25  SCV  
  23  2:38  SCV  
  24  2:48  Starport  
  24  2:50  SCV  
  25  2:54  Barracks Tech Lab, Hellion x2  
  29  3:01  Orbital Command  
  29  3:05  SCV  
  30  3:15  Hellion x2  
  30  3:18  SCV  
  35  3:28  Starport Tech Lab  
  35  3:29  SCV  
  35  3:32  Refinery  
  35  3:34  SCV  
  36  3:41  SCV  
  36  3:44  Cyclone, Marine x2  
  36  3:46  Supply Depot  
  42  3:49  SCV  
  42  3:53  SCV  
  44  4:01  SCV  
  45  4:05  SCV  
  45  4:08  Raven  
  45  4:09  Marine x2  
  50  4:10  Supply Depot  
  50  4:13  Supply Depot, SCV  
  51  4:19  Cyclone  
  54  4:31  Marine x2, SCV x2  
  54  4:36  Supply Depot  
  58  4:44  SCV x2  
  60  4:47  Command Center  
  60  4:55  Raven  
  60  4:56  Marine, SCV x2  
  60  4:57  Marine  
  66  5:01  Siege Tank  
  69  5:08  SCV x2  
  71  5:14  Supply Depot  
  71  5:15  Marine x2  
  71  5:20  SCV  
  74  5:22  SCV  
  74  5:26  Supply Depot, Refinery  
  75  5:37  Siege Tank, SCV x2  
  80  5:46  Barracks  
  80  5:47  Barracks  
  80  5:49  SCV x2  
  82  5:56  Viking  
  82  5:57  Viking  
  86  6:02  Marine  
  86  6:04  SCV x2  
  86  6:08  Engineering Bay  
  86  6:10  Engineering Bay  
  86  6:13  Siege Tank  
  86  6:17  SCV x2  
  91  6:20  Barracks  
  91  6:21  Barracks  
  91  6:22  Marine  
  92  6:29  Orbital Command  
  92  6:31  Viking  
  94  6:34  Viking  
  92  6:40  Marine x3  
  92  6:42  SCV  
  96  6:53  Siege Tank  
  90  6:58  Marine  
  90  7:00  SCV x2  
  90  7:01  Barracks Reactor, Viking  
  86  7:02  Barracks Reactor  
  86  7:03  Viking  
  86  7:07  SCV  
  90  7:16  Marine  
  90  7:22  Barracks Reactor x2  
  91  7:28  SCV x2  
  92  7:33  Marine  
Tags
 
Add a new tag
Caveats
  • Supply blocks, unpowered buildings, or Contaminate may cause inaccurate times.
  • Supply counts are checked every 10 seconds.